 Dungeon Crawl Stone Soup version 0.31-a0-702-gf82c85558f (webtiles) character file.

Game seed: 6423732267185662963

95 Bnni the Shield-Bearer (level 4, 0/37 HPs)
             Began as a Formicid Fighter on Sept 8, 2023.
             Slain by an orc
             ... wielding a +0 hand axe
              (5 damage)
             ... on level 3 of the Dungeon.
             The game lasted 00:01:55 (1340 turns).

Bnni the Shield-Bearer (Formicid Fighter)           Turns: 1340, Time: 00:01:56

Health: 0/37       AC:  8    Str: 22    XL:     4   Next: 95%
Magic:  4/4        EV:  9    Int:  8    God:
Gold:   56         SH:  5    Dex: 13    Spells: 3/3 levels left

rFire   . . .        a - +0 trident
rCold   . . .        c - +0 buckler
rNeg    . . .        b - +0 scale mail
rPois   .            (helmet unavailable)
rElec   .            (no cloak)
rCorr   .            e - +0 pair of gloves
SInv    +            (no boots)
Will    .....        (no amulet) Stlth
                     (no ring)
HPRegen 0.26/turn    (no ring)
MPRegen 0.09/turn

%: no passive effects
@: no status effects
A: permanent stasis, dig shafts and tunnels, antennae 3, four strong arms
a: Dig, Shaft Self


You were on level 3 of the Dungeon.
You visited 1 branch of the dungeon, and saw 3 of its levels.

You collected 89 gold pieces.
You spent 33 gold pieces at shops.

Inventory:

Hand Weapons
 a - a +0 trident (weapon)
Missiles
 h - 2 poisoned darts
Armour
 b - a +0 scale mail (worn)
 c - a +0 buckler (worn)
 e - a +0 pair of gloves (worn)
Jewellery
 o - a ring of ice
Scrolls
 f - 3 scrolls of identify {unknown}
 g - 4 scrolls of enchant weapon {unknown}
 i - a scroll of vulnerability {unknown}
 l - 2 scrolls of teleportation {unknown}
 p - a scroll of brand weapon {unknown}
Potions
 d - a potion of might
 j - a potion of attraction {unknown}
 k - 2 potions of curing
 m - a potion of berserk rage {unknown}
 n - a potion of ambrosia {unknown}
 q - a potion of invisibility {unknown}


   Skills:
 + Level 4.0 Fighting
 * Level 3.5 Polearms
 - Level 3.2 Armour
 - Level 5.0 Shields


You had 3 spell levels left.
You didn't know any spells.
Your spell library contained the following spells:

 Spells                   Type           Power      Damage    Failure   Level
 Sublimation of Blood     Necr           0%         N/A       90%         2
 Wereblood                Tmut           0%         N/A       90%         2
 Summon Hydra             Summ           0%         N/A       100%        7


Dungeon Overview and Level Annotations

Branches:
Dungeon (3/15)

Altars:

Shops:
D:1 !


Innate Abilities, Weirdness & Mutations

You cannot be hasted, slowed, berserked, paralysed or teleported.
You can dig through walls and to a lower floor.
You have a pair of large antennae on your head. (SInv)
Your four strong arms can wield two-handed weapons with a shield.


Message History

You resist with some effort. The orc hits you with a +0 hand axe.
You barely miss the orc wizard.
The orc wizard is lightly wounded.
The orc wizard gestures at you while chanting.
The puff of flame hits you! The orc hits you but does no damage.
You hit the orc wizard.
The orc wizard is heavily wounded.
The orc wizard misses you. The orc closely misses you. x2
The orc wizard gestures at you while chanting.
The puff of flame hits you!
You are too injured to fight recklessly!
You are too injured to fight recklessly!
You are too injured to fight recklessly!
You closely miss the orc wizard.
The orc wizard is heavily wounded.
The orc wizard gestures wildly while chanting.
The orc wizard flickers and vanishes for a moment.
The orc hits you with a +0 hand axe.
* * * LOW HITPOINT WARNING * * *
You closely miss the orc wizard.
The orc wizard is heavily wounded.
The orc wizard hits you with a +0 dagger.
* * * LOW HITPOINT WARNING * * *
The orc closely misses you.
You hit the orc wizard.
The orc wizard is severely wounded.
The orc wizard barely misses you. You block the orc's attack.
You barely miss the orc wizard.
The orc wizard is severely wounded.
You block the orc wizard's attack. You block the orc's attack.
You closely miss the orc wizard.
The orc wizard is severely wounded.
The orc wizard hits you but does no damage.
The orc hits you but does no damage.
You barely miss the orc wizard.
The orc wizard is severely wounded.
The orc wizard hits you with a +0 dagger.
* * * LOW HITPOINT WARNING * * *
The orc hits you with a +0 hand axe.
You die...

.. ..# .##
..# ... ..
#.# .# #.##.#
#.#..#
#.####....#
#....<.#..#
#......#@.#
#......#oo#
....###.##..#
### #.....#
##.+### . .#
{ {


You could see an orc wizard (invisible) and an orc.

Vanquished Creatures
  Terence (D:2)
  3 adders (D:2)
  A worm (D:2)
  2 dart slugs
  An orc (D:3)
  3 ball pythons
  A bat (D:1)
  2 endoplasms
  2 goblins (D:2)
  4 hobgoblins
  5 quokkas
  A frilled lizard (D:2)
  3 kobolds (D:2)
  7 rats (D:1)
36 creatures vanquished.

Notes
Turn   | Place    | Note
-------+----------+-------------------------------------------
     0 | D:1      | Bnni the Formicid Fighter began the quest for the Orb.
     0 | D:1      | Reached XP level 1. HP: 18/18 MP: 1/1
   160 | D:1      | Found Beliuvol's Distillery.
   238 | D:1      | Reached XP level 2. HP: 20/24 MP: 2/2
   437 | D:1      | Reached XP level 3. HP: 25/29 MP: 3/3
   612 | D:1      | Bought a potion of curing for 33 gold pieces
   677 | D:2      | Noticed Terence
   700 | D:2      | Killed Terence
   701 | D:2      | Reached skill level 5 in Shields
   701 | D:2      | Reached XP level 4. HP: 19/37 MP: 4/4
  1276 | D:2      | Identified the +8 hand axe "Xom's Sleight of Hands" {pain,
                  | Str+6}
  1340 | D:3      | Slain by an orc

Illustrated notes

Levels and vault maps discovered:
D:1:      dpeg_arrival_line_fractal, layout_rooms, serial_shops,
          nicolae_shop_tiny_statue_garden, hex_large, nrook_mini_vaults
D:2:      layout_basic, minmay_pentomino_w2, uniq_terence
D:3:      layout_basic, nicolae_ru_great_annihilating_truth, lemuel_round_altar,
          amcnicky_mini_rare_corridor_liquid, chequers_jeans,
          minmay_misc_feat_square

Skill      XL: |  1  2  3  4 |
---------------+-------------+-----
Polearms       | 3 |  3.5
Shields        | 5 |  5.0
Fighting       | 4 |  4.0
Armour         | |  3.2

Action                     |  1- 3 |  4- 6 || total
---------------------------+-------+-------++-------
  Melee: Trident           |    83 |    73 ||   156
  Throw: Dart              |     2 |       ||     2
 Armour: Scale mail        |    33 |    31 ||    64
  Dodge: Dodged            |    31 |    24 ||    55
  Block: Buckler           |    12 |    17 ||    29

Table legend: (Time is in decaauts)
 A = Elapsed time spent in this place.
 B = Non-inter-level travel time spent in this place.
 C = Inter-level travel time spent in this place.
 D = Time resting spent in this place.
 E = Time spent auto-exploring this place.
 F = Levels seen in this place.
 G = Mean time per level.
                   A        B        C        D        E       F      G
               +--------+--------+--------+--------+--------+-----+--------+
         Total |   1367 |   1299 |     68 |      0 |    975 |   3 |  455.7 |
       Dungeon |   1367 |   1299 |     68 |      0 |    975 |   3 |  455.7 |
               +--------+--------+--------+--------+--------+-----+--------+

Top non-repeatable levels by time:
     D:2: 718 daAuts
     D:1: 628 daAuts
     D:3: 20 daAuts
